 Dungeon Crawl Stone Soup version 0.26.0-16-gc1dbca0489 (webtiles) character file.

Game seed: 9427484730449849769

29188 zcampers the Severer (level 13, -5/177 HPs)
             Began as a Minotaur Berserker on Jan 21, 2021.
             Was a High Priest of Trog.
             Slain by an 11-headed hydra (6 damage)
             ... on level 3 of the Lair of Beasts.
             The game lasted 00:35:04 (13215 turns).

zcampers the Severer (Minotaur Berserker)          Turns: 13215, Time: 00:35:05

Health: -5/177     AC: 17    Str: 25    XL:     13   Next: 13%
Magic:  12/12      EV: 15    Int:  6    God:    Trog [*****.]
Gold:   872        SH:  0    Dex: 12    Spells: 12/12 levels left

rFire    . . .     SeeInvis .   B - +2 morningstar (flame)
rCold    + + +     Faith    .   (no shield)
rNeg     . . .     Spirit   .   o - +3 ring mail {rC+}
rPois    .         Reflect  .   q - +2 hat {Will+}
rElec    .         Harm     .   y - scarf {+Inv}
rCorr    .         Rampage  .   x - +1 pair of gloves
Will     ++...                  l - +2 pair of boots {run}
Stlth    ..........             u - amulet of the acrobat
HPRegen  0.79/turn              k - ring of willpower
MPRegen  0.13/turn              p - ring of protection from cold

@: berserking, very quick
A: retaliatory headbutt, horns 2, cold resistance 1, regeneration 1, strong 1,
MP-powered wands
a: Renounce Religion, Evoke Invisibility, Berserk, Trog's Hand, Brothers in Arms


You were on level 3 of the Lair of Beasts.
You worshipped Trog.
Trog was extremely pleased with you.
You visited 2 branches of the dungeon, and saw 14 of its levels.

You collected 872 gold pieces.

Inventory:

Hand Weapons
 j - a +5 battleaxe of freezing
 A - a +2 broad axe of draining
 B - a +2 morningstar of flaming (weapon)
Missiles
 m - 79 poisoned darts (quivered)
Armour
 l - a +2 pair of boots of running (worn)
 n - a +2 buckler
 o - a +3 ring mail of cold resistance (worn)
 q - a +2 hat of willpower (worn)
 x - a +1 pair of gloves (worn)
 y - a scarf of invisibility (worn)
Jewellery
 k - a ring of willpower (left hand)
 p - a ring of protection from cold (right hand)
 u - an amulet of the acrobat (around neck)
 G - the ring of Paranoia {rElec rF+ Int-2 Dex+2 SInv}
   (You found it on level 1 of the Lair of Beasts)

   [ring of see invisible]

   It affects your intelligence (-2).
   It affects your dexterity (+2).
   It protects you from fire.
   It insulates you from electricity.
   It lets you see invisible.
Wands
 d - a wand of iceblast (21)
 i - a wand of random effects (27)
 s - a wand of acid (16)
 t - a wand of polymorph (4)
 C - a wand of paralysis (11)
 E - a wand of flame (22)
Scrolls
 b - 5 scrolls of identify
 c - 2 scrolls of random uselessness
 e - 4 scrolls of fog
 f - 6 scrolls of remove curse
 h - 5 scrolls of teleportation
Potions
 g - 6 potions of curing
 v - 6 potions of heal wounds
 D - 3 potions of haste
 H - a potion of cancellation


   Skills:
 + Level 12.2 Fighting
 + Level 18.6(18.7) Axes
 + Level 2.9(12.9) Maces & Flails
 + Level 0.5 Throwing
 + Level 8.6 Armour
 + Level 8.2 Dodging
 + Level 2.4 Stealth
 - Level 4.0 Shields
 + Level 1.3 Unarmed Combat
 + Level 0.2 Evocations


You had 12 spell levels left.
You didn't know any spells.
Your spell library was empty.

Dungeon Overview and Level Annotations

Branches:
Dungeon (11/15)            Temple (0/1) D:4            Lair (3/6) D:9
 Shoals (0/4) Lair:2        Snake (0/4) Lair:3          Orc (0/2) D:10

Altars:
Cheibriados
Dithmenos
Fedhas
Gozag
Makhleb
Okawaru
Ru
Sif Muna
Wu Jian
Yredelemnul
The Shining One
Beogh

Shops:
D:5 (

Annotations:
D:9 2 runed translucent doors
D:10 Maurice
Lair:1 exclusion: oklob plant


Innate Abilities, Weirdness & Mutations

You reflexively headbutt those who attack you in melee.
You have a pair of horns on your head.
Your flesh is cold resistant. (rC+)
Your natural rate of healing is unusually fast.
Your muscles are strong. (Str +2)
You expend magic power (3 MP) to strengthen your wands.


Message History

You destroy AlmostDecent's ghost!
Trog accepts your kill.
You bludgeon the 11-headed hydra!! You burn the 11-headed hydra.
The 11-headed hydra is moderately wounded.
You bludgeon the 11-headed hydra!! You burn the 11-headed hydra!
Your headbutt misses the 11-headed hydra.
The 11-headed hydra is almost dead.
The 11-headed hydra bites you!
* * * LOW HITPOINT WARNING * * *
The 11-headed hydra barely misses you.
The 11-headed hydra bites you but does no damage. x2
The 11-headed hydra barely misses you. The 11-headed hydra bites you!
* * * LOW HITPOINT WARNING * * *
The 11-headed hydra bites you but does no damage.
The 11-headed hydra bites you.
* * * LOW HITPOINT WARNING * * *
The 11-headed hydra bites you!
* * * LOW HITPOINT WARNING * * *
The 11-headed hydra barely misses you. The 11-headed hydra bites you.
You die...

######### #######
##.##....# #.....####
#........# ####...).'...
#........#####.#......###.
#............##.#.....# ##
#..........#....'.....# #
#........########.....# #
#........@##≈..##.....#
####.####D#....≈##....#
#.####.'...[.♣##..##
##..##..'..)..♣#..###
#...##..'...=.♣####.# ##
##...#...#..$..##...####.
#....#...##♣.♣##.....#.#.
##.#....#.#####..........
#........#.#..........P##


You could see a 11-headed hydra.

Vanquished Creatures
  Rupert (Lair:3)
  Gastronok (D:9)
  The ghost of AlmostDecent the Severer, a journeyman GrFi of Okawaru (Lair:3)
  Erolcha (D:9)
  Fannar (Lair:3)
  A hydra (Lair:3)
  Erica (D:10)
  A queen ant (D:10)
  2 unseen horrors (D:10)
  Pikel (D:6)
  An orange crystal statue (D:9)
  An ugly thing (D:11)
  Psyche (D:10)
  Joseph (D:9)
  4 cane toads
  A centaur skeleton (D:11)
  A kobold demonologist (D:11)
  2 komodo dragons (Lair:3)
  A troll (D:10)
  Grinder (D:6)
  8 blink frogs
  A snapping turtle (Lair:2)
  Sigmund (D:6)
  2 wyverns
  Eustachio (D:5)
  4 basilisks
  Grum (D:9)
  21 yaks
  5 soldier ants (D:10)
  A naga (Lair:3)
  11 water moccasins
  3 sky beasts
  5 ice beasts
  6 orc warriors
  3 black bears
  2 phantoms
  7 ogres
  4 centaurs
  12 wolves
  2 lemures (D:6)
  2 big kobolds
  7 bullfrogs
  2 scorpions
  23 wights
  An electric eel (Lair:2)
  7 howler monkeys
  A crimson imp (D:3)
  2 bullfrog zombies
  6 hounds
  4 quasits
  3 centaur zombies
  A gnoll shaman (D:6)
  7 orc priests
  2 jellies
  A bullfrog skeleton (D:6)
  An iguana (D:10)
  3 orc wizards
  25 worker ants
  14 gnolls
  21 adders
  3 shadow imps
  3 ufetubi
  2 adder zombies
  2 worms
  2 dart slugs (D:1)
  5 leopard geckos
  37 orcs
  2 giant cockroaches
  6 goblins
  6 hobgoblins
  21 jackals
  10 kobolds
  2 quokkas
  A ball python (D:5)
  4 bats
  6 frilled lizards
  3 hobgoblin zombies (D:6)
  2 kobold skeletons (D:6)
  An orc skeleton (D:6)
  8 rats
  A bush (Lair:1)
385 creatures vanquished.

Vanquished Creatures (collateral kills)
  A hydra (Lair:3)
  2 oklob plants (Lair:1)
3 creatures vanquished.

Vanquished Creatures (others)
  13 fungi
  19 plants
32 creatures vanquished.

Grand Total: 420 creatures vanquished

Notes
Turn   | Place    | Note
-------+----------+-------------------------------------------
     0 | D:1      | zcampers the Minotaur Berserker began the quest for the
                  | Orb.
     0 | D:1      | Reached XP level 1. HP: 19/19 MP: 0/0
   159 | D:1      | Reached skill level 4 in Axes
   159 | D:1      | Reached XP level 2. HP: 25/27 MP: 1/1
   619 | D:2      | Reached XP level 3. HP: 33/33 MP: 2/2
   779 | D:2      | Reached skill level 5 in Axes
   892 | D:2      | Reached XP level 4. HP: 40/40 MP: 3/3
   911 | D:2      | Reached ** piety under Trog
  1967 | D:2      | Reached XP level 5. HP: 6/46 MP: 4/4
  2643 | D:3      | Found a burning altar of Makhleb.
  2927 | D:3      | Reached skill level 6 in Axes
  3355 | D:3      | Reached XP level 6. HP: 51/53 MP: 5/5
  3414 | D:3      | Found a basalt altar of Yredelemnul.
  3458 | D:3      | Reached *** piety under Trog
  3759 | D:4      | Found an iron altar of Okawaru.
  3789 | D:4      | Noticed a sky beast
  3800 | D:4      | Killed a sky beast
  3801 | D:4      | Reached skill level 1 in Shields
  3885 | D:4      | Reached skill level 5 in Fighting
  4058 | D:4      | Found a staircase to the Ecumenical Temple.
  4503 | D:5      | Entered Level 5 of the Dungeon
  4503 | D:5      | Noticed Eustachio
  4509 | D:5      | Killed Eustachio
  4510 | D:5      | Reached skill level 7 in Axes
  4510 | D:5      | Reached XP level 7. HP: 61/61 MP: 6/6
  4533 | D:5      | Gained mutation: You expend magic power (3 MP) to
                  | strengthen your wands. [potion of mutation]
  4533 | D:5      | Gained mutation: Your natural rate of healing is unusually
                  | fast. [potion of mutation]
  4533 | D:5      | Gained mutation: Your flesh is cold resistant. (rC+)
                  | [potion of mutation]
  4533 | D:5      | Gained mutation: Your muscles are strong. (Str +2) [potion
                  | of mutation]
  4626 | D:5      | Found Mytik's Weapon Shoppe.
  4804 | D:5      | Reached skill level 8 in Axes
  4804 | D:5      | Reached skill level 1 in Stealth
  4804 | D:5      | Reached XP level 8. HP: 41/70 MP: 7/7
  4886 | D:5      | Identified a +1 pair of boots of running (You found it on
                  | level 5 of the Dungeon)
  4935 | D:5      | Found an ornate altar of the Wu Jian Council.
  4972 | D:5      | Reached skill level 5 in Armour
  5254 | D:6      | Found a glowing golden altar of the Shining One.
  5306 | D:6      | Noticed Pikel
  5307 | D:6      | Noticed Sigmund
  5317 | D:6      | Killed Pikel
  5318 | D:6      | Reached skill level 9 in Axes
  5318 | D:6      | Reached skill level 5 in Dodging
  5323 | D:6      | Killed Sigmund
  5324 | D:6      | Reached skill level 10 in Axes
  5379 | D:6      | Noticed Grinder
  5395 | D:6      | Killed Grinder
  5396 | D:6      | Reached XP level 9. HP: 74/79 MP: 8/8
  5681 | D:7      | Reached **** piety under Trog
  5699 | D:7      | Found an opulent altar of Gozag.
  5830 | D:7      | Found a snail-covered altar of Cheibriados.
  5867 | D:7      | Reached skill level 11 in Axes
  5868 | D:7      | Found a shimmering blue altar of Sif Muna.
  6520 | D:8      | Reached skill level 12 in Axes
  6777 | D:8      | Reached XP level 10. HP: 88/88 MP: 9/9
  7132 | D:9      | Found a runed translucent door.
  7151 | D:9      | Found a runed translucent door.
  7162 | D:9      | Found a runed translucent door.
  7168 | D:9      | Noticed Joseph
  7177 | D:9      | Killed Joseph
  7178 | D:9      | Found a runed translucent door.
  7293 | D:9      | Found a staircase to the Lair.
  7325 | D:9      | Noticed Grum
  7333 | D:9      | Reached ***** piety under Trog
  7337 | D:9      | Reached skill level 13 in Axes
  7342 | D:9      | Killed Grum
  7466 | D:9      | Found a shadowy altar of Dithmenos.
  7721 | D:9      | Found a sacrificial altar of Ru.
  7778 | D:9      | Noticed Gastronok
  7780 | D:9      | Noticed Erolcha
  7807 | D:9      | Killed Erolcha
  7810 | D:9      | Killed Gastronok
  7811 | D:9      | Reached skill level 14 in Axes
  7811 | D:9      | Reached skill level 1 in Unarmed Combat
  8046 | D:9      | Noticed an orange crystal statue
  8110 | D:9      | Killed an orange crystal statue
  8111 | D:9      | Reached XP level 11. HP: 97/97 MP: 1/10
  8256 | D:10     | Entered Level 10 of the Dungeon
  8425 | D:10     | Noticed a queen ant
  8433 | D:10     | Killed a queen ant
  8451 | D:10     | Reached skill level 15 in Axes
  8585 | D:10     | Killed an unseen horror
  8627 | D:10     | Reached skill level 10 in Fighting
  8786 | D:10     | Noticed Psyche
  8793 | D:10     | Killed Psyche
  8889 | D:10     | Killed an unseen horror
  8972 | D:10     | Noticed Erica
  8981 | D:10     | Killed Erica
  9194 | D:10     | Noticed Maurice
  9319 | D:10     | Found a staircase to the Orcish Mines.
  9425 | D:10     | Reached skill level 16 in Axes
  9810 | D:11     | Reached XP level 12. HP: 108/108 MP: 11/11
  9871 | D:11     | Found a roughly hewn altar of Beogh.
 10442 | Lair:1   | Entered Level 1 of the Lair of Beasts
 10846 | Lair:1   | Reached skill level 17 in Axes
 10853 | Lair:1   | Received a gift from Trog
 10863 | Lair:1   | Got a shimmering turquoise ring
 10872 | Lair:1   | Identified the ring of Paranoia {rElec rF+ Int-2 Dex+2
                  | SInv} (You found it on level 1 of the Lair of Beasts)
 11024 | Lair:1   | Found a blossoming altar of Fedhas.
 11544 | Lair:2   | Found a staircase to the Shoals.
 12101 | Lair:3   | Noticed Fannar
 12134 | Lair:3   | Killed Fannar
 12156 | Lair:3   | Found a runed translucent gate.
 12156 | Lair:3   | Found a runed translucent gate.
 12156 | Lair:3   | Found a runed translucent gate.
 12156 | Lair:3   | Noticed a nine-headed hydra
 12156 | Lair:3   | Noticed an 11-headed hydra
 12157 | Lair:3   | Noticed AlmostDecent's ghost (journeyman GrFi)
 12198 | Lair:3   | Reached skill level 18 in Axes
 12249 | Lair:3   | Found a staircase to the Snake Pit.
 12367 | Lair:3   | Found the +3 hat of Pondering {ponderous, Will+ MP+10
                  | Int+5}
 12517 | Lair:3   | Noticed a six-headed hydra
 12525 | Lair:3   | Killed a six-headed hydra
 12871 | Lair:3   | Noticed Rupert
 12893 | Lair:3   | Killed Rupert
 12894 | Lair:3   | Reached XP level 13. HP: 80/118 MP: 12/12
 13213 | Lair:3   | Killed AlmostDecent's ghost
 13215 | Lair:3   | HP: 1/177 [11-headed hydra (10)]
 13215 | Lair:3   | Slain by an 11-headed hydra

Illustrated notes

Levels and vault maps discovered:
D:1:      mrwooster_arrival_statue_3, layout_rooms
D:2:      layout_basic
D:3:      layout_basic, general_overflow_altar, makhleb_grotto_becter
D:4:      layout_loops_cross, okawaru_gym_becter, temple_doors_ab
D:5:      layout_rooms, pdpol_wu_jian_five_deadly_venoms, serial_shops, shop,
          uniq_eustachio
D:6:      layout_gridville, nicolae_tso_besieged_by_evil, uniq_grinder,
          uniq_sigmund, uniq_pikel
D:7:      layout_loops_ring, grunt_temple_overflow_open,
          nicolae_gozag_seed_capital
D:8:      layout_cave_pools, hangedman_decor_opposing
D:9:      layout_stronghold, nicolae_ru_awakened_eye,
          lemuel_coloured_pillars_altar, minmay_statue_crystal_thing, uniq_grum,
          uniq_joseph, uniq_erolcha, uniq_gastronok
D:10:     layout_long_grid, orc_0_dummy, minmay_another_anthill, uniq_maurice,
          uniq_erica, uniq_psyche
D:11:     layout_basic, special_room [special_room_orc]
Lair:1:   layout_concentric_octagons, tgw_fedhas, grunt_megastairs_2,
          infiniplex_staircase_pool_2, minmay_lair_oklob_chamber
Lair:2:   layout_loops_ring, minmay_shoals_entry_hut, lemuel_fruit_fields,
          grunt_megastairs_4
Lair:3:   layout_roguey, guppyfry_snake_entry_garden,
          gammafunk_ghost_hydra_chop, uniq_rupert, uniq_fannar

Skill      XL: |  1  2  3  4  5  6  7  8  9 10 11 12 |
---------------+-------------------------------------+-----
Axes           | 4 5 6 7 8 10 12 14 16 18 | 18.6
Fighting       | 4 5 6 7 8 9 10 12 | 12.2
Armour         | 3 4 5 6 7 8 |  8.6
Dodging        | 3 4 5 6 7 8 |  8.2
Shields        | 1 2 3 4 |  4.0
Stealth        | 1 2 |  2.4
Unarmed Combat | 1 |  1.3
Maces & Flails | 2 |  2.9
Throwing       | |  0.5
Evocations     | |  0.2

Action                   |  1- 3 |  4- 6 |  7- 9 | 10-12 | 13-15 || total
-------------------------+-------+-------+-------+-------+-------++-------
Melee: Hand axe          |    78 |   253 |   225 |       |       ||   556
       Headbutt          |    11 |    30 |    36 |   134 |     1 ||   212
       Battleaxe         |       |       |    17 |   367 |       ||   384
       Unarmed           |       |       |       |     6 |       ||     6
       Broad axe         |       |       |       |   229 |       ||   229
       Morningstar       |       |       |       |    23 |    20 ||    43
Throw: Dart              |       |       |     2 |       |       ||     2
Invok: Berserk           |       |     2 |     3 |     5 |     1 ||    11
       Trog's Hand       |       |     2 |     2 |     3 |       ||     7
       Brothers in Arms  |       |       |       |     2 |     1 ||     3
Evoke: Wand              |       |       |     1 |       |       ||     1
  Use: Scroll            |       |     5 |     6 |    14 |       ||    25
       Potion            |       |     2 |     8 |     5 |       ||    15
 Stab: Invisible         |       |       |       |     1 |       ||     1
Armor: Ring mail         |    21 |     2 |       |   147 |     6 ||   176
       Animal skin       |     1 |       |       |       |       ||     1
       Acid dragon scale |       |   107 |    50 |       |       ||   157
       Plate armour      |       |       |    27 |     7 |       ||    34
Dodge: Dodged            |    36 |   127 |   129 |   384 |    14 ||   690
Block: Buckler           |     6 |    32 |    67 |    57 |       ||   162
